 Dungeon Crawl Stone Soup version 0.23.2-40-g277498a001 (webtiles) character file.

Game seed: 7592060712290089496

339 Gandalf the Cudgeler (level 6, 0/38 HPs)
             Began as a Gargoyle Fighter on Sept 19, 2019.
             Was an Initiate of Cheibriados.
             Slain by an ogre
             ... wielding a +0 giant club
              (10 damage)
             ... on level 5 of the Dungeon.
             The game lasted 00:10:57 (3957 turns).

Gandalf the Cudgeler (Gargoyle Fighter)             Turns: 3957, Time: 00:10:58

Health: 0/38       AC: 23    Str: 22    XL:     6   Next: 55%
Magic:  6/6        EV:  7    Int: 16    God:    Cheibriados [......]
Gold:   212        SH:  0    Dex: 14    Spells: 5/5 levels left

rFire    + + .     SeeInvis .   j - +1 quarterstaff of Prescription {crush, Int+6} (curse)
rCold    . . .     Gourm    .   (shield currently unavailable)
rNeg     + . .     Faith    .   t - +7 plate armour of Indemnity {rF+ Regen+ Dex+4}
rPois    ∞         Spirit   .   (no helmet)
rElec    +         Reflect  .   (no cloak)
rCorr    .         Harm     .   (no gloves)
MR       .....                  (no boots)
Stlth    ..........             (no amulet)
HPRegen  0.52/turn              l - ring of protection from fire
MPRegen  0.10/turn              o - ring of flight

@: very slow
A: negative energy resistance 1, electricity resistance, unbreathing,
petrification resistance, rot immunity, AC +4
a: Bend Time, Renounce Religion, Evoke Flight


You were on level 5 of the Dungeon.
You worshipped Cheibriados.
Cheibriados was noncommittal.
You were very hungry.

You visited 2 branches of the dungeon, and saw 6 of its levels.

You collected 212 gold pieces.

Inventory:

Hand Weapons
 a - a +0 flail
 j - the cursed +1 quarterstaff of Prescription (weapon) {crush, Int+6}
   (You found it on level 4 of the Dungeon)

   It inflicts extra damage upon your enemies.
   It affects your intelligence (+6).
   It has a curse placed upon it.
Armour
 c - a +0 shield
 s - the +2 leather armour of Music {MR+}
   (You found it on level 4 of the Dungeon)

   It affects your resistance to hostile enchantments.
 t - the +7 plate armour of Indemnity (worn) {rF+ Regen+ Dex+4}
   (You found it on level 4 of the Dungeon)

   It affects your dexterity (+4).
   It protects you from fire.
   It increases your rate of regeneration.
Jewellery
 h - an uncursed ring of wizardry
 l - a ring of protection from fire (left hand)
 o - a ring of flight (right hand)
Wands
 g - a wand of random effects (12)
 r - a wand of flame (18)
Scrolls
 b - a scroll of immolation
 e - a scroll of amnesia
 i - 4 scrolls of remove curse
 k - 5 scrolls of identify
 n - a scroll of enchant weapon {unknown}
Potions
 d - a potion of might
 m - a potion of berserk rage {unknown}
 p - a potion of agility {unknown}
 q - 3 potions of haste {unknown}
Comestibles
 f - 12 rations


   Skills:
 + Level 3.8 Fighting
 + Level 4.8(4.9) Maces & Flails
 * Level 0.9(3.1) Staves
 * Level 4.4 Armour
 + Level 1.3 Dodging
 + Level 4.0 Shields


You had 5 spell levels left.
You didn't know any spells.
Your spell library was empty.

Dungeon Overview and Level Annotations

Branches:
Dungeon (5/15)             Temple (1/1) D:4

Altars:
Cheibriados
Dithmenos
Fedhas
Gozag
Hepliaklqana
Kikubaaqudgha
Nemelex Xobeh
Qazlal
Ru
Vehumet
Wu Jian
Xom
Yredelemnul
Zin
The Shining One

Shops:
D:4 (


Innate Abilities, Weirdness & Mutations

You are resistant to torment.
Your stone body is resilient. (AC +4)
You are immune to poison.
You resist negative energy. (rN+)
You are resistant to electric shocks. (rElec)
You can survive without breathing.
You are immune to petrification.
You are immune to rotting.


Message History

You hit the ogre.
The ogre is heavily wounded.
The ogre hits you with a +0 giant club.
You hit the ogre.
The ogre is severely wounded.
The ogre hits you with a +0 giant club.
You are too injured to fight recklessly!
Okay, then.
You hit the ogre.
The ogre is severely wounded.
The ogre hits you with a +0 giant club!
* * * LOW HITPOINT WARNING * * *
Okay, then.
You hit the ogre.
The ogre is almost dead.
The ogre hits you but does no damage.
You hit the ogre.
The ogre is almost dead.
The ogre hits you with a +0 giant club!
You die...

. #.# (#######.##
..........#
..........#######
................#
#...##...###.# #........#
#.# .
#...##...###.#####...#
##.###...(...@OZY$...#
.####.###...#########..?#
............# .
.####.#.#...##
.####..##..#.#
..............
#####.....##.#
##......)## #..........


You could see an ice beast, an ogre and a centaur zombie.

Vanquished Creatures
  A scorpion (D:4)
  An orc priest (D:4)
  3 worker ants (D:4)
  A hound skeleton (D:5)
  4 gnolls
  4 adders
  An ooze (D:3)
  An adder skeleton (D:4)
  A worm (D:2)
  A dart slug (D:2)
  3 leopard geckos
  2 orcs (D:4)
  2 ball pythons (D:3)
  4 giant cockroaches
  15 goblins
  10 hobgoblins
  12 jackals
  4 quokkas
  7 bats
  5 frilled lizards
  3 kobolds (D:3)
  3 rats (D:3)
88 creatures vanquished.

Vanquished Creatures (others)
  A plant (D:5)
1 creature vanquished.

Grand Total: 89 creatures vanquished

Notes
Turn   | Place    | Note
-------+----------+-------------------------------------------
     0 | D:1      | Gandalf the Gargoyle Fighter began the quest for the Orb.
     0 | D:1      | Reached XP level 1. HP: 14/14 MP: 1/1
   339 | D:1      | Reached XP level 2. HP: 19/19 MP: 2/2
   528 | D:1      | Reached skill level 1 in Dodging
   528 | D:1      | Reached XP level 3. HP: 17/23 MP: 3/3
  1279 | D:2      | Reached XP level 4. HP: 20/28 MP: 4/4
  2232 | D:3      | Reached XP level 5. HP: 31/32 MP: 5/5
  2835 | D:4      | Got a warped leather armour
  2848 | D:4      | Identified the +2 leather armour of Music {MR+} (You found
                  | it on level 4 of the Dungeon)
  3096 | D:4      | Found a staircase to the Ecumenical Temple.
  3101 | D:4      | Found a basalt altar of Yredelemnul.
  3108 | Temple   | Entered the Ecumenical Temple
  3353 | Temple   | Became a worshipper of Cheibriados the Contemplative
  3427 | D:4      | Reached XP level 6. HP: 36/38 MP: 6/6
  3449 | D:4      | Got a jewelled quarterstaff
  3450 | D:4      | Found Aqijyde's Weapon Shoppe.
  3458 | D:4      | Identified the cursed +1 quarterstaff of Prescription
                  | {crush, Int+6} (You found it on level 4 of the Dungeon)
  3577 | D:4      | Got a warped plate armour
  3604 | D:4      | Identified the +7 plate armour of Indemnity {rF+ Regen+
                  | Dex+4} (You found it on level 4 of the Dungeon)
  3688 | D:4      | Found a sparkling altar of Nemelex Xobeh.
  3688 | D:4      | Found a shimmering altar of Xom.
  3898 | D:5      | Entered Level 5 of the Dungeon
  3950 | D:5      | Noticed an ice beast
  3957 | D:5      | Slain by an ogre

Skill      XL: |  1  2  3  4  5  6 |
---------------+-------------------+-----
Dodging        | 1 |  1.3
Maces & Flails | 3 4 |  4.8
Armour         | 4 |  4.4
Shields        | 4 |  4.0
Fighting       | |  3.8
Staves         | |  0.9

Action                   |  1- 3 |  4- 6 || total
-------------------------+-------+-------++-------
Melee: Flail             |   164 |   245 ||   409
       Quarterstaff      |       |    33 ||    33
  Use: Potion            |     1 |       ||     1
       Scroll            |       |     7 ||     7
  Eat: Chunk             |       |    10 ||    10
Armor: Scale mail        |   114 |    17 ||   131
       Chain mail        |       |   193 ||   193
       Leather armour    |       |     9 ||     9
       Plate armour      |       |    23 ||    23
Dodge: Dodged            |    72 |   150 ||   222
Block: Shield            |    71 |    10 ||    81
       Buckler           |    12 |    72 ||    84
